 Dungeon Crawl Stone Soup version 0.31-a0-204-g7da18cac08 (webtiles) character file.

Game seed: 10623102355267464531

1108 lunkers the Skirmisher (level 8, -1/59 HPs)
             Began as a Meteoran Wanderer on June 27, 2023.
             Slain by a gnoll
             ... wielding a +0 spear
             ... led by a gnoll bouda
              (4 damage)
             ... on level 5 of the Dungeon on June 28, 2023.
             The game lasted 00:05:54 (1182 turns).

lunkers the Skirmisher (Meteoran Wanderer)          Turns: 1182, Time: 00:05:54

Health: -1/59      AC:  7    Str: 14    XL:     8   Next: 90%
Magic:  11/11      EV:  9    Int: 16    God:
Gold:   89         SH:  0    Dex: 13    Spells: 8/9 levels left

rFire   . . .        b - +2 arbalest (drain)
rCold   . . .        (shield currently unavailable)
rNeg    . . .        f - +0 scale mail
rPois   .            g - +0 helmet
rElec   .            (no cloak)
rCorr   .            (no gloves)
SInv    .            (no boots)
Will    +....        (no amulet) Stlth
                     (no ring)
HPRegen 0.29/turn    (no ring)
MPRegen 0.12/turn

%: no passive effects
@: lethally poisoned (-1 -> -4), glowing
A: sense surroundings 1, otherworldly, glowing, explore regen
a: no special abilities


You were on level 5 of the Dungeon.
You visited 1 branch of the dungeon, and saw 5 of its levels.

You collected 89 gold pieces.

Inventory:

Hand Weapons
 a - a +2 sling
 b - a +2 arbalest of draining (weapon)
Armour
 f - a +0 scale mail (worn)
 g - a +0 helmet (worn)
Wands
 l - a wand of iceblast (1)
Scrolls
 h - a scroll of torment
 k - a scroll of vulnerability
Potions
 c - 2 potions of attraction
 d - a potion of curing
 e - a potion of ambrosia
 i - a potion of mutation {unknown}
 j - a potion of degeneration {unknown}


   Skills:
 - Level 1.1 Fighting
 + Level 11.3 Ranged Weapons
 - Level 2.4 Armour
 - Level 1.3 Spellcasting
 - Level 1.2 Transmutations
 - Level 1.2 Evocations


You had 8 spell levels left.
You knew the following spells:

 Your Spells              Type           Power      Damage    Failure   Level
p - Beastly Appendage     Tmut           8%         N/A       50%         1

Your spell library contained the following spells:

 Spells                   Type           Power      Damage    Failure   Level
 Static Discharge         Conj/Air       2%         2-3/arc   80%         2
 Ignite Poison            Fire/Tmut/Pois 2%         N/A       94%         3
 Airstrike                Air            0%         2d(1-17)  100%        4
 Summon Lightning Spire   Summ/Air       1%         N/A       100%        4


Dungeon Overview and Level Annotations

Branches:
Dungeon (5/15) Zot: 1704
 Temple: D:4-7

Altars:


Innate Abilities, Weirdness & Mutations

You passively map a small area around you.
You are easily found by Zot.
You glow in the dark.
You regain HP and MP as you explore.


Message History

The gnoll barely misses you.
Unknown command.
The gnoll bouda attacks as you move away!
The gnoll bouda closely misses you.
* * * LOW HITPOINT WARNING * * *
You feel very sick.
* * * LOW HITPOINT WARNING * * *
You feel very sick.
The gnoll is no longer moving quickly. x2
The water moccasin closely misses you.
The howler monkey hoots and howls with incredible vigour!
You hear a shout! x3
Unknown command.
The water moccasin attacks as you move away!
The water moccasin closely misses you.
* * * LOW HITPOINT WARNING * * *
You feel sick.
* * * LOW HITPOINT WARNING * * *
You feel sick.
The gnoll bouda barks out a call to the hunt!
The gnolls pick up the pace!
The water moccasin bites you but does no damage.
Unknown command.
Aiming: Iceblast
Press: ? - help, Shift-Dir - straight line, p - water moccasin
Okay, then.
* * * LOW HITPOINT WARNING * * *
You feel sick.
Aiming: Iceblast
Press: ? - help, Shift-Dir - straight line, p - water moccasin The mass of ice explodes!
The iceblast engulfs the gnoll!
The gnoll is almost dead.
The iceblast engulfs the water moccasin!
The water moccasin is heavily wounded.
* * * LOW HITPOINT WARNING * * *
You feel sick.
You hear a shout!
The water moccasin closely misses you.
The gnoll hits you from afar with a +0 spear.
You die...

,, , ..* , ,
#### ,... ,
#...# ....
###.#.#####... *
*#...#.......# *
#...#.......# ,
, #...#.......#
, #...#gS@....#
#.).g#.....# # *
#..J.###.#####.#
** *
#.o.J....##....#
, , ,
#...go###.....#
,
#...ho###.....#.
,
#.o?<..)........
,
#....###........
*
#..o.##.........
,


You could see a water moccasin, a jelly, 2 gnolls and an orc.

Vanquished Creatures
  Pikel (D:4)
  Grinder (D:4)
  Duvessa (D:4)
  A phantom (D:4)
  Dowan (D:4)
  2 hounds
  An orc priest (D:4)
  2 gnolls (D:5)
  4 adders
  An ufetubus (D:4)
  3 worms
  2 dart slugs (D:4)
  4 orcs (D:4)
  5 ball pythons
  An endoplasm (D:1)
  4 giant cockroaches
  4 hobgoblins
  3 kobolds
  A quokka (D:1)
  6 bats
  4 goblins
  2 rats
54 creatures vanquished.

Notes
Turn   | Place    | Note
-------+----------+-------------------------------------------
     0 | D:1      | lunkers the Meteoran Wanderer began the quest for the Orb.
     0 | D:1      | lunkers set off with the following items: a +2 sling, a +0
                  | scale mail, a potion of attraction; and the following spell
                  | memorised: Beastly Appendage; and the following spells
                  | available to memorise: Ignite Poison.
     0 | D:1      | Reached XP level 1. HP: 16/16 MP: 3/3
   116 | D:1      | Reached XP level 2. HP: 6/23 MP: 5/5
   159 | D:1      | Reached skill level 5 in Ranged Weapons
   245 | D:2      | Reached XP level 3. HP: 28/28 MP: 6/6
   446 | D:2      | Reached XP level 4. HP: 29/35 MP: 7/7
   494 | D:2      | Reached skill level 6 in Ranged Weapons
   514 | D:2      | Reached XP level 5. HP: 39/40 MP: 8/8
   870 | D:4      | Noticed Duvessa
   871 | D:4      | Noticed a lemure
   872 | D:4      | Noticed Grinder
   874 | D:4      | Noticed Dowan
   875 | D:4      | Noticed Pikel
   893 | D:3      | Identified a scroll of acquirement
   893 | D:3      | Acquired a +1 arbalest of draining
   943 | D:4      | Noticed a lemure
   944 | D:4      | Noticed a lemure
   947 | D:4      | Noticed a lemure
   950 | D:4      | Killed Pikel
   951 | D:4      | Reached skill level 8 in Ranged Weapons
   951 | D:4      | Reached skill level 9 in Ranged Weapons
   951 | D:4      | Reached XP level 6. HP: 47/47 MP: 9/9
   951 | D:4      | Reached XP level 7. HP: 52/52 MP: 10/10
   983 | D:4      | Reached XP level 8. HP: 48/59 MP: 11/11
   989 | D:4      | Paralysed by Grinder for 3 turns
  1017 | D:4      | Killed Grinder
  1018 | D:4      | Reached skill level 10 in Ranged Weapons
  1056 | D:4      | Killed Duvessa
  1078 | D:4      | Killed Dowan
  1079 | D:4      | Reached skill level 11 in Ranged Weapons
  1157 | D:5      | Entered Level 5 of the Dungeon
  1182 | D:5      | Slain by a gnoll

Illustrated notes

Levels and vault maps discovered:
D:1:      spicycebolla_green_bress_n_ham, layout_basic,
          minmay_misc_feat_enclosed, minmay_circled_x
D:2:      layout_loops_cross, dreamdust_ecumenical_altar_statues
D:3:      layout_rooms, chequers_decorated_corner, minmay_fountain_box
D:4:      layout_rooms, old_standard_altar, uniq_grinder, uniq_duvessa,
          uniq_pikel
D:5:      lemuel_ice_spiral_2, layout_basic, mainiacjoe_overflow_alcove_2,
          gammafunk_ghost_cemetery

Skill      XL: |  1  2  3  4  5  6  7  8 |
---------------+-------------------------+-----
Ranged Weapons | 5 6 9 11 | 11.3
Fighting       | |  1.1
Armour         | |  2.4
Spellcasting   | |  1.3
Transmutations | |  1.2
Evocations     | |  1.2

Action                     |  1- 3 |  4- 6 |  7- 9 || total
---------------------------+-------+-------+-------++-------
   Fire: Sling             |    86 |    65 |       ||   151
         Arbalest          |       |    16 |    76 ||    92
  Evoke: Wand              |       |       |     1 ||     1
    Use: Scroll            |       |     6 |     2 ||     8
 Armour: Scale mail        |    41 |    43 |    45 ||   129
  Dodge: Dodged            |    20 |    29 |    42 ||    91

Table legend: (Time is in decaauts)
 A = Elapsed time spent in this place.
 B = Non-inter-level travel time spent in this place.
 C = Inter-level travel time spent in this place.
 D = Time resting spent in this place.
 E = Time spent auto-exploring this place.
 F = Levels seen in this place.
 G = Mean time per level.
                   A        B        C        D        E       F      G
               +--------+--------+--------+--------+--------+-----+--------+
         Total |   1295 |   1269 |     26 |      0 |    691 |   5 |  259.0 |
       Dungeon |   1295 |   1269 |     26 |      0 |    691 |   5 |  259.0 |
               +--------+--------+--------+--------+--------+-----+--------+

Top non-repeatable levels by time:
     D:3: 359 daAuts
     D:2: 326 daAuts
     D:4: 320 daAuts
     D:1: 261 daAuts
     D:5: 27 daAuts
